 Dungeon Crawl Stone Soup version 0.18-a0-1637-g109f206 (webtiles) character file.

3415 M4edhros the Nimble (level 10, 0/90 HPs)
             Began as an Octopode Hunter on Mar 27, 2016.
             Slain by a wolf (10 damage)
             ... led by Grum
             ... on level 8 of the Dungeon.
             The game lasted 00:10:47 (7162 turns).

M4edhros the Nimble (Octopode Hunter)               Turns: 7162, Time: 00:10:49

Health: 0/90       AC:  1    Str: 17    XL:     10   Next: 5%
Magic:  10/10      EV: 18    Int: 14    God:
Gold:   383        SH:  0    Dex: 13    Spells: 0 memorised, 9 levels left

rFire  . . .     SeeInvis .     G - +1 trident
rCold  . . .     Gourm    .     (no shield)
rNeg   . . .     Faith    .     (helmet restricted)
rPois  +         Spirit   .     F - amulet of regeneration
rElec  .         Dismiss  .     h - ring of flight
rCorr  .         Reflect  .     K - ring of poison resistance
SustAt .         Harm     .     (no ring)
MR     .....     Clarity  +     (no ring)
Stlth  ..........               (no ring)
                                (no ring)
                                (no ring)
                                (no ring)

@: berserking (expiring), very quick, not resistant to hostile enchantments,
extremely unstealthy
A: almost no armour, amphibious, 8 rings, constrict 8, tentacle spike 1,
camouflage 1, clarity, clumsy 1, gelatinous body 1
a: Evoke Flight


You were on level 8 of the Dungeon.
You were not hungry.

You visited 2 branches of the dungeon, and saw 9 of its levels.
You also visited: Sewer.

You collected 383 gold pieces.

Inventory:

Hand Weapons
 a - a +1 hunting sling
 p - a +2 dagger of speed
 w - a +0 blowgun
 B - a +1 flail of protection
 G - a +1 trident (weapon)
Missiles
 c - 33 sling bullets
 i - 176 stones (quivered)
 x - 28 poisoned needles
 C - 13 poisoned sling bullets
 H - 18 sling bullets of frost
Jewellery
 h - a ring of flight (left tentacle)
 F - an amulet of regeneration (around mantle)
 K - a ring of poison resistance (right tentacle)
Wands
 b - a wand of polymorph (17/24)
 e - a wand of flame (21/48)
 m - a wand of iceblast (0/15)
 o - a wand of polymorph (1/24)
 s - a wand of flame (30/48)
 I - a wand of lightning (10/15)
Scrolls
 j - 4 scrolls of teleportation
 k - 4 scrolls of remove curse
 q - a scroll of magic mapping
 r - 3 scrolls of blinking
 t - 3 scrolls of fear
 y - 3 scrolls of enchant armour
 z - 2 scrolls of immolation
 A - 2 scrolls of random uselessness
Potions
 f - a potion of flight
 l - a potion of might
 u - a potion of magic
 v - a potion of curing
 D - a potion of berserk rage
Comestibles
 d - 6 bread rations
 g - 6 slices of pizza
 n - 4 meat rations
 E - 3 beef jerkies
 J - a chunk of flesh


   Skills:
 - Level 2.0 Fighting
 - Level 8.9 Slings
 + Level 11.5 Dodging
 - Level 1.3 Stealth


You had 9 spell levels left.
You didn't know any spells.

Dungeon Overview and Level Annotations

Branches:
Dungeon (8/15)             Temple (1/1) D:4
   Lair: D:8-11

Altars:
Ashenzari
Cheibriados
Dithmenos
Elyvilon
Fedhas
Kikubaaqudgha
Makhleb
Nemelex Xobeh
Okawaru
Qazlal
Ru
Sif Muna
Trog
Vehumet
Xom
Yredelemnul
Zin
The Shining One

Shops:
D:6 =

Annotations:
D:7 vliron's ghost, novice VSEn
D:8 Grum


Innate Abilities, Weirdness & Mutations

You cannot wear most types of armour.
You are amphibious.
You can wear up to eight rings at the same time.
You can use your tentacles to constrict eight enemies at once.
Your skin changes colour to match your surroundings (Stealth).
Your rubbery body absorbs attacks (AC +1).
One of your tentacles bears a spike.
You possess an exceptional clarity of mind.
You are clumsy. (Dex -2)


Message History

Grum lets out an intimidating howl.
Grum barely misses you. The wolf bites you!
You closely miss the wolf. You grab the wolf. You constrict the wolf.
The wolf bites you!
* * * LOW HITPOINT WARNING * * *
Grum closely misses you.
You are too injured to fight recklessly!
You barely miss the wolf.
You pierce the wolf, but do no damage.
You constrict the wolf. The wolf barely misses you.
You are too injured to fight recklessly!
You are too injured to fight recklessly!
You are too injured to fight recklessly!
You are too injured to fight recklessly!
You hit the wolf.
The wolf is moderately wounded.
You constrict the wolf. The wolf completely misses you.
Grum hits you from afar with a glaive!
* * * LOW HITPOINT WARNING * * *
The wolf bites you!
You die...

#..#. ♣ #.#....♣♣
♣♣♣ #.#.....♣♣ ♣♣..
#........♣♣♣...
#...≈≈≈...♣...≈
##..≈≈≈≈≈.....≈≈
#...≈≈♣≈≈.....≈≈
#####g..≈≈≈≈≈.....≈≈
#..@h..$.≈≈≈...♣...≈
######........♣♣♣...
#.#.....♣♣ ♣♣..
#.#.†.#♣♣ ♣♣♣
#......# ♣ #......#
.........#
###.....#..
#...>.....


You could see Grum and a wolf.

Vanquished Creatures
  A human (D:7)
  A hungry ghost (D:8)
  Edmund (D:5)
  A water moccasin (D:7)
  Duvessa (D:6)
  A sky beast (D:7)
  An orc warrior (D:6)
  A necrophage (D:6)
  An ice beast (D:6)
  2 ogres
  A wolf (D:8)
  4 centaurs
  2 big kobolds
  A giant frog (D:6)
  Blork the orc (D:6)
  Dowan (D:6)
  3 scorpions
  5 wights (D:7)
  A howler monkey (D:4)
  2 crimson imps
  A jelly (D:5)
  6 hounds
  8 orc wizards
  2 orc priests
  A centaur skeleton (D:4)
  A giant frog skeleton (D:4)
  An iguana (D:6)
  Terence (D:2)
  4 worker ants
  4 sheep (D:7)
  2 hound skeletons
  3 gnolls (D:8)
  2 howler monkey skeletons
  A river rat (D:4)
  9 adders
  2 shadow imps
  An ooze (Sewer)
  6 worms
  2 dart slugs (D:2)
  6 giant geckos
  19 orcs
  8 bats
  9 giant cockroaches
  8 goblins
  5 hobgoblins
  6 jackals
  4 quokkas
  9 ball pythons
  A giant gecko skeleton (D:6)
  9 giant newts
  13 kobolds
  16 rats
202 creatures vanquished.

Vanquished Creatures (others)
  A wizard (D:3)
  A jackal (D:6)
2 creatures vanquished.

Grand Total: 204 creatures vanquished

Notes
Turn   | Place    | Note
--------------------------------------------------------------
     0 | D:1      | M4edhros the Octopode Hunter began the quest for the Orb.
     0 | D:1      | Reached XP level 1. HP: 14/14 MP: 1/1
   270 | D:1      | Reached XP level 2. HP: 10/19 MP: 2/2
   533 | D:1      | Reached XP level 3. HP: 12/24 MP: 3/3
   810 | D:2      | Reached skill level 5 in Slings
   878 | D:2      | Noticed Terence
   892 | D:2      | Killed Terence
   892 | D:2      | Reached XP level 4. HP: 6/29 MP: 4/4
  1034 | D:2      | Found a sacrificial altar of Ru.
  1804 | D:3      | Found an iron altar of Okawaru.
  1807 | D:3      | Found a shattered altar of Ashenzari.
  1811 | D:3      | Found a sparkling altar of Nemelex Xobeh.
  1873 | D:3      | Reached XP level 5. HP: 32/34 MP: 5/5
  1923 | D:3      | Found a bloodstained altar of Trog.
  1924 | D:3      | Noticed a wizard
  1930 | D:3      | Killed a wizard
  2341 | D:4      | Reached XP level 6. HP: 18/39 MP: 6/6
  2589 | D:4      | Found a glowing drain.
  2746 | Sewer    | Entered a sewer
  3368 | Sewer    | Reached XP level 7. HP: 10/45 MP: 7/7
  3728 | D:4      | Found a staircase to the Ecumenical Temple.
  3856 | Temple   | Entered the Ecumenical Temple
  4178 | D:5      | Entered Level 5 of the Dungeon
  4490 | D:5      | Reached skill level 3 in Dodging
  4621 | D:5      | Reached skill level 4 in Dodging
  4621 | D:5      | Reached XP level 8. HP: 38/50 MP: 8/8
  4766 | D:5      | Noticed Edmund
  4784 | D:5      | Killed Edmund
  4784 | D:5      | Reached skill level 5 in Dodging
  5013 | D:6      | Noticed Blork the orc
  5026 | D:6      | Killed Blork the orc
  5180 | D:6      | Reached skill level 6 in Dodging
  5321 | D:6      | Noticed Dowan
  5324 | D:6      | Noticed Duvessa
  5338 | D:6      | Killed Duvessa
  5338 | D:6      | Reached skill level 7 in Dodging
  5346 | D:6      | Killed Dowan
  5499 | D:6      | Reached skill level 8 in Dodging
  5499 | D:6      | Reached XP level 9. HP: 44/54 MP: 9/9
  5692 | D:6      | Found Tirghof's Jewellery Boutique.
  5802 | D:6      | Reached skill level 9 in Dodging
  6290 | D:7      | Noticed vliron's ghost (novice VSEn)
  6292 | D:7      | Reached skill level 10 in Dodging
  6569 | D:7      | Gained mutation: You possess an exceptional clarity of mind. [mutagenic meat]
  6570 | D:7      | Gained mutation: You are clumsy. (Dex -2) [mutagenic meat]
  6571 | D:7      | Gained mutation: One of your tentacles bears a spike. [mutagenic meat]
  6698 | D:7      | Found a burning altar of Makhleb.
  6698 | D:7      | Noticed an Executioner
  6701 | D:7      | Noticed a hellwing
  7002 | D:8      | Reached skill level 11 in Dodging
  7039 | D:8      | Reached XP level 10. HP: 51/60 MP: 10/10
  7118 | D:8      | Found a white marble altar of Elyvilon.
  7143 | D:8      | Noticed Grum
  7162 | D:8      | Slain by a wolf

Vault maps used:
D:1:      roderic_crossed_star, st_stairs_3
D:2:      lemuel_round_altar, uniq_terence
D:3:      grunt_temple_overflow_open, trog_wizard
D:4:      temple_doors_e, first_bread, gup_sewer_entry_bubbles, serial_forest,
          infiniplex_forest_clump_double, infiniplex_forest_clump_large,
          infiniplex_forest_lined_corner, infiniplex_forest_diagonal,
          infiniplex_forest_lined_3, infiniplex_forest_clump_long
D:5:      uniq_edmund
D:6:      serial_shops, nicolae_shop_statue_plus, uniq_blork_the_orc,
          uniq_duvessa
D:7:      columned_hall_lemuel, grunt_livestock, makhleb_altar_promises_db
D:8:      kennysheep_mini, gammafunk_temple_overflow_elements, elyvilon_altar_3,
          uniq_grum
Temple:   circular_temple_12
Sewer:    sewer_co_15_rooms

Skill      XL: |  1  2  3  4  5  6  7  8  9 |
---------------+----------------------------+-----
Slings         | 5 6 7 8 |  8.9
Dodging        | 4 8 11 | 11.5
Fighting       | |  2.0
Stealth        | |  1.3

Action                   |  1- 3 |  4- 6 |  7- 9 | 10-12 || total
-------------------------+-------+-------+-------+-------++-------
Melee: Short sword       |    13 |     6 |       |       ||    19
       Hunting sling     |     3 |     8 |     3 |       ||    14
       Dagger            |       |    76 |    47 |       ||   123
       Flail             |       |       |   167 |       ||   167
       Trident           |       |       |    65 |    32 ||    97
 Fire: Hunting sling     |    79 |   128 |   189 |       ||   396
Evoke: Wand              |       |     3 |     3 |       ||     6
  Use: Potion            |     1 |     9 |     7 |     1 ||    18
       Scroll            |       |       |    10 |       ||    10
 Stab: Sleeping          |     2 |     9 |     6 |       ||    17
  Eat: Chunk             |       |     6 |    15 |     2 ||    23
       Royal jelly       |       |       |     1 |       ||     1
       Pizza             |       |       |     1 |       ||     1
